 Dungeon Crawl Stone Soup version 0.26.1-11-gd32895ea62 (webtiles) character file.

Game seed: 18442964115162393145

210 Destapler the Sneak (level 5, 0/33 HPs)
             Began as an Octopode Hedge Wizard on Apr 30, 2021.
             Succumbed to a worker ant's poison
             ... on level 4 of the Dungeon.
             The game lasted 00:24:35 (4522 turns).

Destapler the Sneak (Octopode Hedge Wizard)         Turns: 4522, Time: 00:24:35

Health: 0/33       AC:  1    Str:  9    XL:     5   Next: 88%
Magic:  10/10      EV: 14    Int: 17    God:
Gold:   71         SH:  0    Dex: 12    Spells: 4/11 levels left

rFire    . . .     SeeInvis .   i - +3 mace
rCold    . . .     Faith    .   (no shield)
rNeg     . . .     Spirit   .   b - +0 hat
rPois    .         Reflect  .   (no amulet)
rElec    .         Harm     .   (no ring)
rCorr    .         Rampage  .   (no ring)
Will     .....                  (no ring)
Stlth    +++.......             (no ring)
HPRegen  0.11/turn              (no ring)
MPRegen  0.12/turn              (no ring)
                                (no ring)
                                (no ring)

@: lethally poisoned (0 -> -8)
A: almost no armour, stealthy swim, amphibious, 8 rings, constrict 8, camouflage
1, blink, deterioration 1, gelatinous body 1
a: Blink


You were on level 4 of the Dungeon.
You visited 1 branch of the dungeon, and saw 4 of its levels.

You collected 71 gold pieces.

Inventory:

Hand Weapons
 a - a +0 dagger
 i - a +3 mace (weapon)
 k - a +2 quarterstaff of chaos
 l - a +0 spear
Armour
 b - a +0 hat (worn)
Scrolls
 c - 4 scrolls of identify
 g - 2 scrolls of teleportation
 h - a scroll of enchant weapon {unknown}
 j - a scroll of fog {unknown}
Potions
 d - a potion of heal wounds {unknown}
 e - a potion of attraction


   Skills:
 + Level 1.1 Fighting
 + Level 3.0 Dodging
 - Level 4.0 Stealth
 + Level 3.7 Spellcasting
 - Level 2.0 Conjurations
 + Level 2.4 Summonings
 - Level 2.0 Translocations


You had 4 spell levels left.
You knew the following spells:

 Your Spells              Type           Power        Failure   Level
a - Magic Dart            Conj           40%          7%          1
b - Call Imp              Summ           11%          9%          2
B - Blink                 Tloc           N/A          11%         2
S - Slow                  Hex            3%           24%         2

Your spell library contained the following spells:

 Spells                   Type           Power        Failure   Level
 Summon Small Mammal      Summ           44%          6%          1
 Call Canine Familiar     Summ           11%          19%         3
 Summon Guardian Golem    Hex/Summ       7%           28%         3
 Conjure Flame            Conj/Fire      6%           32%         3
 Mephitic Cloud           Conj/Pois/Air  5%           36%         3
 Summon Ice Beast         Ice/Summ       7%           67%         4
 Summon Lightning Spire   Summ/Air       7%           67%         4


Dungeon Overview and Level Annotations

Branches:
Dungeon (4/15)
 Temple: D:4-7

Altars:
Qazlal

Annotations:
D:4 Duvessa


Innate Abilities, Weirdness & Mutations

You cannot wear most types of armour.
You are very stealthy in the water. (Stealth+)
You are amphibious.
You can wear up to eight rings at the same time.
You can use your tentacles to constrict eight enemies at once.
Your skin changes colour to match your surroundings (Stealth+).
Your rubbery body absorbs attacks. (AC +1, EV +1)
You can translocate small distances at will.
Your body sometimes deteriorates upon taking damage.


Message History

The phantom is heavily damaged.
The phantom closely misses you. x2
You hit the phantom.
The phantom is heavily damaged.
The phantom hits you!
* * * LOW HITPOINT WARNING * * *
You sock the phantom! Your squeeze misses the phantom.
The phantom is severely damaged.
The phantom hits you.
* * * LOW HITPOINT WARNING * * *
The worker ant bites you.
* * * LOW HITPOINT WARNING * * *
You are lethally poisoned!
The worker ant poisons you! The phantom hits you!
* * * LOW HITPOINT WARNING * * *
The phantom blinks!
There is a stone staircase leading up here.
It was a potion of mutation.
You feel extremely strange.
You feel yourself wasting away.
You feel jittery.
You die...

e#...
.)........#........
..... ..................
#...###....#.##.........
..........# ####..##...#
# .......###.# .#
.......###.#..###.
........[B........
.......#@.######..
.......#.ยง#
####........ #.......W#
#........# ##########


You could see a phantom and a worker ant.

Vanquished Creatures
  Crazy Yiuf (D:3)
  A jelly (D:3)
  Natasha (thrice) (D:3)
  Robin (D:2)
  A worm (D:3)
  3 dart slugs
  2 leopard geckos
  An orc (D:3)
  A giant cockroach (D:2)
  15 goblins
  9 hobgoblins
  4 jackals (D:1)
  A bat (D:3)
  6 frilled lizards
  2 kobolds
  6 rats
57 creatures vanquished.

Vanquished Creatures (collateral kills)
  An orc (D:3)
  2 goblins (D:2)
  A kobold (D:3)
4 creatures vanquished.

Grand Total: 61 creatures vanquished

Notes
Turn   | Place    | Note
-------+----------+-------------------------------------------
     0 | D:1      | Destapler the Octopode Hedge Wizard began the quest for the
                  | Orb.
     0 | D:1      | Reached XP level 1. HP: 11/11 MP: 4/4
   201 | D:1      | Reached XP level 2. HP: 17/17 MP: 1/6
   380 | D:1      | Reached skill level 3 in Stealth
   387 | D:1      | Learned a level 2 spell: Call Imp
   390 | D:1      | Learned a level 2 spell: Slow
   393 | D:1      | Learned a level 2 spell: Blink
   857 | D:1      | Reached XP level 3. HP: 21/21 MP: 3/7
  2243 | D:2      | Noticed Robin
  2528 | D:2      | Killed Robin
  2529 | D:2      | Reached XP level 4. HP: 27/27 MP: 1/8
  3392 | D:3      | Found a runed translucent door.
  3393 | D:3      | Noticed Crazy Yiuf
  3403 | D:3      | Killed Crazy Yiuf
  3535 | D:3      | Found a stormy altar of Qazlal.
  3647 | D:3      | Reached XP level 5. HP: 31/31 MP: 4/10
  3647 | D:3      | Noticed Natasha
  3693 | D:4      | Noticed a phantom
  3773 | D:3      | Killed Natasha
  3798 | D:3      | Noticed Natasha
  3806 | D:3      | Killed Natasha
  3807 | D:3      | Reached skill level 4 in Stealth
  4394 | D:3      | Noticed Natasha
  4411 | D:3      | Killed Natasha
  4412 | D:3      | Reached skill level 1 in Fighting
  4487 | D:4      | Noticed Duvessa
  4521 | D:4      | HP: 1/33 [phantom (7)]
  4522 | D:4      | Gained mutation: Your body sometimes deteriorates upon
                  | taking damage. [potion of mutation]
  4522 | D:4      | Gained mutation: You can translocate small distances at
                  | will. [potion of mutation]
  4522 | D:4      | Succumbed to a worker ant's poison

Illustrated notes

Levels and vault maps discovered:
D:1:      sevenhm_arrival_forest_fort_large_4, layout_rooms,
          amcnicky_mini_rare_corridor_liquid, chequers_serial_rivers_room_a
D:2:      layout_rooms, uniq_robin
D:3:      layout_basic, grunt_qazlal_clouds, serial_rivers,
          chequers_serial_rivers_micro_a, chequers_serial_rivers_micro_b,
          chequers_serial_rivers_micro_e, chequers_serial_rivers_room_b,
          chequers_serial_rivers_small_3, chequers_serial_rivers_micro_c,
          minmay_pentangle, uniq_natasha, uniq_crazy_yiuf_cottage
D:4:      layout_rooms, item_on_display_a, uniq_duvessa

Skill      XL: |  1  2  3  4  5 |
---------------+----------------+-----
Stealth        | 3 4 |  4.0
Conjurations   | 2 |  2.0
Summonings     | 2 |  2.4
Translocations | 2 |  2.0
Fighting       | 1 |  1.1
Dodging        | 3 |  3.0
Spellcasting   | |  3.7

Action                   |  1- 3 |  4- 6 || total
-------------------------+-------+-------++-------
Melee: Dagger            |    25 |     6 ||    31
       Constrict         |     7 |     7 ||    14
       Tentacles         |     6 |     5 ||    11
       Mace              |       |    23 ||    23
       Spear             |       |     5 ||     5
 Cast: Magic Dart        |   103 |    27 ||   130
       Blink             |     2 |       ||     2
       Call Imp          |     1 |     8 ||     9
  Use: Scroll            |     2 |     2 ||     4
       Potion            |       |     1 ||     1
 Stab: Sleeping          |     1 |     2 ||     3
Armor: Skin              |     1 |     1 ||     2
Dodge: Dodged            |    16 |    22 ||    38
